Unix NetHack Version 3.7.0-90 Work-in-progress - last build Dec 4 2023 15:25:40 (a4ad6ea61a8c493010e15c9251bbb19a34919cb7,branch:master). Game began 2023-12-09 13:07:33, ended 2023-12-09 13:18:36. Arasaka, chaotic female orcish Rogue -------- ........ |......... ............. d |............)) @@ # --+----------- ddd# d# ## ## ### ----- # |...| # ######-...| # #### |...| ------# # ### # ####-.{.| |...<.########################## |...| |....|# ####---.---- ## |...| .....| #|.>....| ----- |....+ #.^...... ------ -------- Arasaka the Cutpurse St:12 Dx:16 Co:18 In:8 Wi:11 Ch:8 Chaotic Dlvl:4 $:88 HP:0(26) Pw:6(6) AC:3 Xp:3/65 T:2259 Latest messages: You descend the stairs. That door is closed. The door opens. The door resists! The door resists! The door opens. A trap door opens up under you! You climb up the stairs. The garter snake bites! You kill the garter snake! You see here a garter snake corpse. You hit the garter snake. You kill the garter snake! You hear a door open. The garter snake bites! You kill the garter snake! You see here a garter snake corpse. There is a garter snake corpse here; eat it? [ynq] (n) Blecch! Rotten food! You feel rather light headed. You feel less confused now. In what direction? You throw 2 orcish daggers. The 1st orcish dagger hits the werejackal. The 2nd orcish dagger hits the werejackal. In what direction? The orcish dagger hits the werejackal. In what direction? The orcish dagger hits the werejackal. You hit the werejackal. The werejackal hits! You hit the werejackal. The werejackal hits! You miss the werejackal. The werejackal hits! The werejackal changes into a jackal. You hit the werejackal. The werejackal bites! You hit the werejackal. The werejackal changes into a human. The werejackal hits! You hit the werejackal. The werejackal summons help! A jackal suddenly appears next to you! A fox suddenly appears next to you! A jackal suddenly appears next to you! A jackal suddenly appears next to you! A jackal suddenly appears close by! The werejackal hits! You die... Inventory: Coins ('$') $ - 88 gold pieces Amulets ('"') o - an uncursed amulet of ESP (being worn) Weapons (')') a - an uncursed +1 orcish dagger named Grintooth (weapon in right hand) b - 10 uncursed +0 orcish daggers (at the ready) Armor ('[') k - a cursed rustproof +0 orcish helm (being worn) i - an uncursed +1 pair of low boots (being worn) c - an uncursed +2 leather armor (being worn) Comestibles ('%') t - an uncursed cram ration g - 3 uncursed food rations Scrolls ('?') n - a blessed scroll of blank paper Potions ('!') d - an uncursed potion of sickness s - an uncursed potion of sleeping Tools ('(') f - an empty uncursed sack e - an uncursed lock pick h - an uncursed mirror p - a cursed oil lamp Arasaka the Rogue's attributes: Background: You were a Cutpurse, a level 3 female orcish Rogue. You were chaotic, on a mission for Kos who was opposed by Issek (lawful) and Mog (neutral). You were right-handed. You were in the Dungeons of Doom, on level 4. You entered the dungeon 2259 turns ago. You had 65 experience points, 15 more were needed to attain level 4. Basics: You had 0 out of 26 hit points. You had all 6 energy points (spell power). Your armor class was 3. Your wallet contained 88 zorkmids. Autopickup was on for '$"?' plus thrown, with exceptions. Final Characteristics: Your strength was 12 (limit:18/50). Your dexterity was 16 (peak:17, limit:18). Your constitution was 18 (limit:18). Your intelligence was 8 (limit:16). Your wisdom was 11 (peak:12, limit:16). Your charisma was 8 (limit:16). Final Status: You weren't hungry. You were unencumbered. You were wielding a dagger. You had basic skill with dagger. Final Attributes: You were devoutly aligned. You were poison resistant. You were telepathic. You had infravision. You were stealthy. You were warded. You are dead. Miscellaneous: You disabled loading of bones levels. Total elapsed playing time was 11 minutes. Major events: Turn 1: Arasaka the chaotic female orcish Rogue entered the dungeon 1071: attained the rank of Cutpurse (level 3) 1239: entered the Gnomish Mines 2259: killed by a werejackal Vanquished creatures: a kobold leader 2 manes a red mold 3 garter snakes a gecko 3 jackals a fox 2 goblins 5 grid bugs 5 lichens 2 newts 26 creatures vanquished. No species were genocided or became extinct. Voluntary challenges: You read items or engraved 5 times. You never engraved Elbereth. You never genocided any monsters. You never polymorphed an object. You never changed form. You used no wishes. Achievements: You entered a shop. You attained the rank of Cutpurse. You entered the Gnomish Mines. The Dungeons of Doom: levels 1 to 5 Level 1: "v" An altar, a fountain. Level 2: A scroll shop, a fountain. Level 3: A scroll shop. Stairs down to The Gnomish Mines. Level 4: <- You were here. A fountain. Final resting place for you, killed by a werejackal. Level 5: The Gnomish Mines: Level 4: Game over: ---------- / \ / REST \ / IN \ / PEACE \ / \ | Arasaka | | 88 Au | | killed by a | | werejackal | | | | | | 2023 | *| * * * | * _________)/\\_//(\/(/\)/\//\/|_)_______ Goodbye Arasaka the Rogue... You died in The Dungeons of Doom on dungeon level 4 with 580 points, and 88 pieces of gold, after 2259 moves. You were level 3 with a maximum of 26 hit points when you died.